 Dungeon Crawl Stone Soup version 0.26.0-16-gc1dbca0489 (webtiles) character file.

Game seed: 7636248014447864087

289 thiole the Sneak (level 6, -2/36 HPs)
             Began as an Octopode Hedge Wizard on Jan 21, 2021.
             Slain by a hobgoblin
             ... wielding a +0 club
              (3 damage)
             ... on level 3 of the Dungeon.
             The game lasted 00:03:48 (2551 turns).

thiole the Sneak (Octopode Hedge Wizard)            Turns: 2551, Time: 00:03:49

Health: -2/36      AC:  1    Str:  9    XL:     6   Next: 31%
Magic:  12/12      EV: 13    Int: 19    God:
Gold:   78         SH:  0    Dex: 11    Spells: 8/13 levels left

rFire    . . .     SeeInvis .   d - +1 dagger (elec)
rCold    . . .     Faith    .   (no shield)
rNeg     . . .     Spirit   .   b - +0 hat
rPois    .         Reflect  .   (no amulet)
rElec    .         Harm     .   (no ring)
rCorr    .         Rampage  .   (no ring)
Will     .....                  (no ring)
Stlth    ++++......             (no ring)
HPRegen  0.12/turn              (no ring)
MPRegen  0.13/turn              (no ring)
                                (no ring)
                                (no ring)

@: brilliant
A: almost no armour, stealthy swim, amphibious, 8 rings, constrict 8, camouflage
1, gelatinous body 1
a: no special abilities


You were on level 3 of the Dungeon.
You visited 1 branch of the dungeon, and saw 3 of its levels.

You collected 78 gold pieces.

Inventory:

Hand Weapons
 a - a +0 dagger
 d - a +1 dagger of electrocution (weapon)
Armour
 b - a +0 hat (worn)
Scrolls
 e - a scroll of remove curse {unknown}
 h - a scroll of enchant armour {unknown}
 j - 2 scrolls of teleportation {unknown}
 n - a scroll of amnesia {unknown}
 o - 2 scrolls of identify {unknown}
 p - a scroll of magic mapping {unknown}
Potions
 f - a potion of magic {unknown}
 g - a potion of degeneration {unknown}
 i - 2 potions of brilliance
 l - a potion of ambrosia {unknown}
 m - 2 potions of might {unknown}


   Skills:
 - Level 2.0 Dodging
 + Level 6.0 Stealth
 + Level 4.2 Spellcasting
 - Level 2.0 Conjurations
 - Level 2.0 Hexes
 - Level 2.0 Summonings
 - Level 1.0 Translocations


You had 8 spell levels left.
You knew the following spells:

 Your Spells              Type           Power        Failure   Level
a - Magic Dart            Conj           68%          6%          1
b - Call Imp              Summ           17%          9%          2
c - Slow                  Hex            17%          9%          2

Your spell library contained the following spells:

 Spells                   Type           Power        Failure   Level
 Blink                    Tloc           N/A          14%         2
 Conjure Flame            Conj/Fire      11%          26%         3
 Mephitic Cloud           Conj/Pois/Air  9%           30%         3


Dungeon Overview and Level Annotations

Branches:
Dungeon (3/15)

Altars:
Hepliaklqana
Vehumet
Zin


Innate Abilities, Weirdness & Mutations

You cannot wear most types of armour.
You are very stealthy in the water. (Stealth+)
You are amphibious.
You can wear up to eight rings at the same time.
You can use your tentacles to constrict eight enemies at once.
Your skin changes colour to match your surroundings (Stealth+).
Your rubbery body absorbs attacks. (AC +1, EV +1)


Message History

You squeeze the kobold, but do no damage.
You constrict the kobold. The bat closely misses you.
The bat barely misses you. The kobold misses you. The rat closely misses you.
The goblin barely misses you. The kobold closely misses you.
The gnoll hits you but does no damage. The rat bites you.
You barely miss the kobold. You squeeze the kobold.
You kill the kobold!
The bat barely misses you. The kobold hits you.
* * * LOW HITPOINT WARNING * * *
The rat closely misses you. The goblin hits you with a +0 dagger.
* * * LOW HITPOINT WARNING * * *
The rat closely misses you.
It was a potion of brilliance.
You feel clever all of a sudden. The bat barely misses you.
The gnoll closely misses you. The kobold hits you.
* * * LOW HITPOINT WARNING * * *
The rat bites you.
* * * LOW HITPOINT WARNING * * *
The goblin closely misses you. The hobgoblin hits you with a +0 club.
You die...

....###### ##!..($..##
....†....###..g......#
....####.............#
....# ####g.g.B.K...#
....# ##....§§...#
....# #(g§§§§...#
##### ##§§gw...##
#.§§rKr§§.#
#.§§g@§§..#
#.§(gb§$..#
#..§.§....#
#.........#
##.......## ##.....##
#######


You could see a gnoll, a dart slug, a hobgoblin, a goblin, a bat, a kobold and 2
rats.

Vanquished Creatures
  Sigmund (D:2)
  A worker ant (D:3)
  A gnoll (D:3)
  4 adders
  A worm (D:2)
  4 dart slugs
  4 leopard geckos
  4 giant cockroaches
  7 hobgoblins
  A quokka (D:3)
  4 bats
  2 frilled lizards
  8 goblins
  5 kobolds
  4 rats
51 creatures vanquished.

Notes
Turn   | Place    | Note
-------+----------+-------------------------------------------
     0 | D:1      | thiole the Octopode Hedge Wizard began the quest for the
                  | Orb.
     0 | D:1      | Reached XP level 1. HP: 11/11 MP: 4/4
   176 | D:1      | Reached XP level 2. HP: 14/17 MP: 3/6
   325 | D:1      | Reached skill level 3 in Stealth
   328 | D:1      | Learned a level 2 spell: Call Imp
   331 | D:1      | Learned a level 2 spell: Slow
   918 | D:2      | Reached XP level 3. HP: 16/21 MP: 2/7
  1336 | D:2      | Found a glowing silver altar of Zin.
  1459 | D:2      | Found a hazy altar of Hepliaklqana.
  1596 | D:2      | Reached skill level 1 in Hexes
  1597 | D:2      | Reached XP level 4. HP: 27/27 MP: 1/8
  1914 | D:2      | Found a radiant altar of Vehumet.
  2119 | D:2      | Noticed Sigmund
  2131 | D:2      | Killed Sigmund
  2132 | D:2      | Reached skill level 5 in Stealth
  2132 | D:2      | Reached XP level 5. HP: 12/31 MP: 4/11
  2132 | D:2      | Reached XP level 6. HP: 14/36 MP: 4/12
  2549 | D:3      | Reached skill level 6 in Stealth
  2551 | D:3      | HP: 1/36 [rat (3)]
  2551 | D:3      | Slain by a hobgoblin

Illustrated notes

Levels and vault maps discovered:
D:1:      giann_horns, layout_loops_ring
D:2:      minmay_wonky_spiral, layout_loops_ring, lemuel_crystal_altar,
          marbit_many_paths, zin_academy, uniq_sigmund
D:3:      layout_rooms, portal_sewer_entry_d, minmay_guardbox

Skill      XL: |  1  2  3  4  5  6 |
---------------+-------------------+-----
Stealth        | 3 5 6 |  6.0
Conjurations   | 2 |  2.0
Summonings     | 2 |  2.0
Hexes          | 1 2 |  2.0
Spellcasting   | 4 |  4.2
Dodging        | |  2.0
Translocations | |  1.0

Action                   |  1- 3 |  4- 6 || total
-------------------------+-------+-------++-------
Melee: Dagger            |    28 |    36 ||    64
       Constrict         |    10 |     8 ||    18
       Tentacles         |     5 |     6 ||    11
 Cast: Magic Dart        |    57 |    28 ||    85
  Use: Potion            |       |     2 ||     2
       Scroll            |       |     1 ||     1
 Stab: Sleeping          |     2 |     2 ||     4
Armor: Skin              |     1 |     7 ||     8
Dodge: Dodged            |    11 |    62 ||    73
